 Dungeon Crawl Stone Soup version 0.30-a0-414-gcb316572d5 (webtiles) character file.

Game seed: 16827372468991491898

281 NinjaNoafa the Shooter (level 6, 0/46 HPs)
             Began as a Barachi Hunter on Dec 7, 2022.
             Slain by a gnoll
             ... wielding a +0 club
              (4 damage)
             ... on level 4 of the Dungeon.
             The game lasted 00:05:33 (2810 turns).

NinjaNoafa the Shooter (Barachi Hunter)             Turns: 2810, Time: 00:05:34

Health: 0/46       AC:  8    Str: 12    XL:     6   Next: 27%
Magic:  6/6        EV: 12    Int: 10    God:
Gold:   0          SH:  0    Dex: 17    Spells: 5/5 levels left

rFire   + . .      SeeInvis .    a - +0 shortbow
rCold   + . .      Faith    .    (shield currently unavailable)
rNeg    . . .      Spirit   .    n - +1 robe {Archmagi}
rPois   +          Reflect  .    (no helmet)
rElec   +          Harm     .    s - +0 cloak
rCorr   +          Rampage  .    (no gloves)
Will    +....      Archmagi +    (no boots)
Stlth   ++........               (no amulet)
HPRegen 0.27/turn                i - ring of willpower
MPRegen 0.10/turn                r - +4 ring of protection

@: mighty, resistant, unable to hop, slow
A: amphibious, slowness 1, strong legs 1, +LOS
a: Hop


You were on level 4 of the Dungeon.
You visited 1 branch of the dungeon, and saw 4 of its levels.

You collected 115 gold pieces.
You spent 115 gold pieces at shops.

Inventory:

Hand Weapons
 a - a +0 shortbow (weapon)
Missiles
 f - 24 stones
 q - 5 poisoned darts
Armour
 n - a +1 robe of the Archmagi (worn)
 s - a +0 cloak (worn)
Jewellery
 i - a ring of willpower (left hand)
 r - a +4 ring of protection (right hand)
Scrolls
 b - 2 scrolls of immolation
 c - a scroll of identify {unknown}
 g - a scroll of torment {unknown}
 h - 2 scrolls of teleportation {unknown}
 l - a scroll of vulnerability {unknown}
 o - a scroll of fog {unknown}
 p - a scroll of magic mapping {unknown}
Potions
 j - a potion of lignification {unknown}
 k - 2 potions of cancellation {unknown}
 m - a potion of curing {unknown}


   Skills:
 - Level 2.4 Fighting
 + Level 7.4 Ranged Weapons
 - Level 2.1 Dodging
 - Level 0.8 Stealth


You had 5 spell levels left.
You didn't know any spells.
Your spell library contained the following spells:

 Spells                   Type           Power      Damage    Failure   Level
 Kindle Blastsparks       Fire/Tloc/Air  0%         2d10      75%         3
 Summon Guardian Golem    Hex/Summ       0%         N/A       75%         3
 Starburst                Conj/Fire      0%         6d3       100%        6


Dungeon Overview and Level Annotations

Branches:
Dungeon (4/15)
 Temple: D:4-7

Altars:
Cheibriados
Kikubaaqudgha

Shops:
D:2 *


Innate Abilities, Weirdness & Mutations

You are amphibious.
You cover ground slowly.
You can hop short distances.
You have an extended range of vision and can be seen from far away.


Message History

The ball python constricts you. The iron imp hits you.
The gnoll hits you with a +0 flail. The gnoll barely misses you.
You escape the ball python's grasp.
The gnoll barely misses you. The gnoll closely misses you.
The ball python bites you. The ball python grabs you.
You stop ascending the stairs.
The ball python constricts you. The iron imp closely misses you.
You shoot an arrow. The arrow hits the ball python.
The ball python is moderately wounded.
The ball python bites you but does no damage.
The ball python constricts you. The gnoll hits you but does no damage.
The gnoll hits you with a +0 flail. The gnoll hits you with a +0 flail!
The iron imp hits you!
You escape the ball python's grasp.
The gnoll closely misses you. The gnoll hits you with a +0 flail.
* * * LOW HITPOINT WARNING * * *
The gnoll hits you with a +0 flail.
* * * LOW HITPOINT WARNING * * *
The ball python bites you but does no damage.
The ball python grabs you.
You stop ascending the stairs.
The ball python constricts you. The iron imp hits you.
* * * LOW HITPOINT WARNING * * *
Hop to where?
Press: ? - help, Dir - move target, p - ball python You escape the ball python's grasp.
Boing!
Your legs are too worn out to hop.
Unknown command.
Okay, then.
Okay, then.
It was a potion of might.
You feel very mighty all of a sudden. The gnoll attacks as you move away!
The gnoll hits you but does no damage.
It was a potion of resistance.
You feel protected. The gnoll hits you with a +0 club.
* * * LOW HITPOINT WARNING * * *
The ball python barely misses you. The ball python grabs you.
The ball python constricts you.
You escape the ball python's grasp.
The gnoll attacks as you move away! The gnoll hits you with a +0 club.
You die...

.............
###....
..!..........
.......
..............
.......
..............
....._ .....
....).. .... ....
..... .......###..
...... ....
..........# .....#
.... ........).#
.....# #...
..#......@###.....
...
........ggS.....#
###.
#........gg...###
###......5...##
#.........?#
#..........#
#........<.#
############


You could see an iron imp, 4 gnolls and a ball python.

Vanquished Creatures
  A bullfrog (D:3)
  2 scorpions
  3 adders
  3 dart slugs
  4 orcs (D:3)
  3 bats
  3 endoplasms (D:2)
  2 giant cockroaches
  11 goblins
  7 hobgoblins
  3 jackals (D:3)
  2 quokkas (D:2)
  A ball python (D:2)
  3 frilled lizards
  3 kobolds
  3 rats (D:2)
54 creatures vanquished.

Notes
Turn   | Place    | Note
-------+----------+-------------------------------------------
     0 | D:1      | NinjaNoafa the Barachi Hunter began the quest for the Orb.
     0 | D:1      | Reached XP level 1. HP: 17/17 MP: 1/1
   115 | D:1      | Reached XP level 2. HP: 21/23 MP: 2/2
   936 | D:2      | Reached skill level 5 in Ranged Weapons
   936 | D:2      | Reached XP level 3. HP: 15/28 MP: 3/3
  1103 | D:2      | Found Jossaor's Assorted Antiques.
  1765 | D:3      | Reached XP level 4. HP: 34/34 MP: 4/4
  1949 | D:3      | Got Vev Cale's Omnibus of Calefaction and the Retinue
  2094 | D:3      | Found an ancient bone altar of Kikubaaqudgha.
  2157 | D:2      | Bought a moonstone ring for 115 gold pieces
  2431 | D:4      | Noticed a scorpion
  2433 | D:4      | Noticed a scorpion
  2443 | D:4      | Killed a scorpion
  2444 | D:4      | Reached skill level 6 in Ranged Weapons
  2444 | D:4      | Reached XP level 5. HP: 25/39 MP: 5/5
  2540 | D:3      | Reached skill level 7 in Ranged Weapons
  2666 | D:4      | Found a snail-covered altar of Cheibriados.
  2688 | D:3      | Reached XP level 6. HP: 17/46 MP: 6/6
  2810 | D:4      | Slain by a gnoll

Illustrated notes

Levels and vault maps discovered:
D:1:      minmay_arrival_doors, layout_basic, grunt_decor_fettered,
          chequers_jeans, hangedman_decor_riveting
D:2:      layout_basic, serial_shops, shop
D:3:      layout_basic, old_standard_altar
D:4:      layout_rooms, slow_altar_1, palyth_stone_intersect

Skill      XL: |  1  2  3  4  5 |
---------------+----------------+-----
Ranged Weapons | 5 6 7 |  7.4
Fighting       | |  2.4
Dodging        | |  2.1
Stealth        | |  0.8

Action                   |  1- 3 |  4- 6 || total
-------------------------+-------+-------++-------
 Fire: Shortbow          |    87 |    79 ||   166
 Abil: Hop               |     3 |     5 ||     8
  Use: Potion            |       |     2 ||     2
Armor: Leather armour    |    11 |       ||    11
       Robe              |       |    24 ||    24
Dodge: Dodged            |    32 |    35 ||    67

Table legend: (Time is in decaauts)
 A = Elapsed time spent in this place.
 B = Non-inter-level travel time spent in this place.
 C = Inter-level travel time spent in this place.
 D = Time resting spent in this place.
 E = Time spent auto-exploring this place.
 F = Levels seen in this place.
 G = Mean time per level.
                   A        B        C        D        E       F      G
               +--------+--------+--------+--------+--------+-----+--------+
         Total |   3284 |   2991 |    293 |     43 |   2521 |   4 |  821.0 |
       Dungeon |   3284 |   2991 |    293 |     43 |   2521 |   4 |  821.0 |
               +--------+--------+--------+--------+--------+-----+--------+

Top non-repeatable levels by time:
     D:2: 1328 daAuts
     D:3: 1071 daAuts
     D:1: 816 daAuts
     D:4: 68 daAuts
